 Dungeon Crawl Stone Soup version 0.22.1-2-g9c5b331 (webtiles) character file.

630 MalarOregon the Poker (level 7, -2/54 HPs)
             Began as a Merfolk Gladiator on Nov 28, 2018.
             Was a Follower of Ashenzari.
             Slain by an ogre
             ... wielding a +0 giant club
              (23 damage)
             ... on level 5 of the Dungeon.
             The game lasted 00:06:49 (3959 turns).

MalarOregon the Poker (Merfolk Gladiator)           Turns: 3959, Time: 00:06:50

Health: -2/54      AC:  6    Str: 14    XL:     7   Next: 48%
Magic:  9/9        EV: 13    Int:  9    God:    Ashenzari [*.....]
Gold:   191        SH:  9    Dex: 16    Spells: 9/9 levels left

rFire    . . .     SeeInvis .   a - +0 trident (curse)
rCold    . . .     Gourm    .   j - +0 shield (curse)
rNeg     . . .     Faith    .   w - +0 leather armour (curse)
rPois    .         Spirit   .   c - +0 helmet
rElec    .         Reflect  .   (no cloak)
rCorr    .         Harm     .   q - +0 pair of gloves
MR       .....                  l - +0 pair of boots
Stlth    +.........             (no amulet)
HPRegen  0.18/turn              m - ring of wizardry
MPRegen  0.11/turn              (no ring)

@: no status effects
A: change form in water, swift swim, stealthy swim
a: Curse Item, Scrying, Renounce Religion


You were on level 5 of the Dungeon.
You worshipped Ashenzari.
Ashenzari was aware of your devotion.
You were hungry.

You visited 1 branch of the dungeon, and saw 5 of its levels.

You collected 191 gold pieces.

Inventory:

Hand Weapons
 a - a cursed +0 trident (weapon)
Missiles
 d - 3 throwing nets (quivered) {!f}
Armour
 c - a +0 helmet (worn)
 j - a cursed +0 shield (worn)
   (You found it on level 1 of the Dungeon)
 l - a +0 pair of boots (worn)
   (You found it on level 4 of the Dungeon)
 q - a +0 pair of gloves (worn)
   (You found it on level 2 of the Dungeon)
 w - a cursed +0 leather armour (worn)
   (You took it off Eustachio on level 4 of the Dungeon)
Jewellery
 i - an uncursed ring of protection from fire
   (You found it on level 4 of the Dungeon)
 m - a ring of wizardry (left hand)
   (You found it on level 1 of the Dungeon)
Wands
 t - a wand of flame (18)
   (You found it on level 4 of the Dungeon)
 x - a wand of acid (12)
   (You found it on level 4 of the Dungeon)
Scrolls
 b - a scroll of immolation {!r}
 f - 2 scrolls of remove curse {@r2}
 g - a scroll of identify {@r1}
 k - 4 scrolls of teleportation {@r4}
 r - a scroll of amnesia
Potions
 h - a potion of brilliance {unknown}
 o - a potion of curing {@q1}
 p - 2 potions of degeneration {unknown}
 s - a potion of mutation {unknown}
 u - a potion of invisibility {unknown}
 v - a potion of resistance {unknown}
Comestibles
 e - 9 rations {!d}


   Skills:
 * Level 4.2 Fighting
 * Level 6.5 Polearms
 - Level 2.0 Throwing
 * Level 2.2 Armour
 * Level 6.0 Dodging
 * Level 2.8 Shields
 + Level 1.8 Spellcasting


You had 9 spell levels left.
You didn't know any spells.
Your spell library was empty.

Dungeon Overview and Level Annotations

Branches:
Dungeon (5/15)
 Temple: D:4-7

Altars:
Ashenzari
Wu Jian

Shops:
D:4 (


Message History

Done exploring.
Done exploring.
Done exploring.
Done exploring.
You see here 19 poisoned needles.
You see here a +0 falchion.
Things that are here:
a +0 dagger of venom; an uncursed robe
There is a stone staircase leading up here.
You see here an uncursed leather armour.
Search for what [? for help]? leather
Things that are here:
a +0 rapier; a cursed leather armour
w - a cursed leather armour Drop what? 24/52 slots (_ for help) (? for menu, Esc to quit)
You start removing your armour.
You continue taking off your +0 leather armour. x4
You finish taking off your +0 leather armour.
You drop a +0 leather armour.
Wear which item? (? for menu, Esc to quit)
Really wear
w - a cursed leather armour?
All of the chunks of flesh in your inventory have rotted away.
You start putting on your armour.
You continue putting on your cursed leather armour. x4
You finish putting on your cursed +0 leather armour.
Oops, that feels deathly cold.
Done exploring.
There is a stone staircase leading down here.
You climb downwards.
Found a scroll of immolation.
There is a stone staircase leading up here.
No target in view!
Found a scroll of teleportation.
b - a scroll of immolation {!r}
k - 4 scrolls of teleportation {@r4} (gained 1)
An ogre comes into view. It is wielding a giant club.
The ogre shouts!
You hit the ogre but do no damage. You block the ogre's attack.
You completely miss the ogre. The ogre barely misses you.
You puncture the ogre! You block the ogre's attack.
You puncture the ogre! The ogre closely misses you.
You puncture the ogre! The ogre hits you with a giant club!!
Your shield prevents you from hitting the ogre.
You barely miss the ogre. The ogre closely misses you.
Your shield prevents you from hitting the ogre.
The ogre hits you with a giant club!
* * * LOW HITPOINT WARNING * * *
You are feeling hungry.
You barely miss the ogre. The ogre hits you with a giant club!!
You die...

#....#######.#
#.#..........#
#....#########
##.### #.#
#.#####.#
#.......#
#########.#
......O@..#
###########


You could see an ogre.

Vanquished Creatures
  Eustachio (D:4)
  An ogre (D:4)
  A howler monkey (D:4)
  2 hounds (D:4)
  A centaur skeleton (D:4)
  An orc wizard (D:4)
  An iguana (D:3)
  2 worker ants (D:4)
  5 adders
  8 oozes
  3 worms
  4 dart slugs
  3 leopard geckos
  3 orcs
  3 ball pythons
  2 giant cockroaches (D:3)
  10 hobgoblins
  4 jackals
  7 kobolds
  2 quokkas
  8 bats
  4 frilled lizards
  10 goblins
  A quokka skeleton (D:4)
  12 rats
99 creatures vanquished.

Notes
Turn   | Place    | Note
-------+----------+-------------------------------------------
     0 | D:1      | MalarOregon the Merfolk Gladiator began the quest for the
                  | Orb.
     0 | D:1      | Reached XP level 1. HP: 16/16 MP: 1/1
    66 | D:1      | Reached XP level 2. HP: 16/23 MP: 2/2
   220 | D:1      | Reached XP level 3. HP: 23/28 MP: 3/3
   850 | D:2      | Reached XP level 4. HP: 32/34 MP: 4/4
  1136 | D:2      | Reached skill level 5 in Polearms
  1136 | D:2      | Reached skill level 1 in Armour
  1158 | D:2      | Reached skill level 1 in Shields
  1340 | D:2      | Reached skill level 1 in Spellcasting
  1596 | D:3      | Found a shattered altar of Ashenzari.
  1620 | D:3      | Reached XP level 5. HP: 36/41 MP: 6/6
  1630 | D:3      | Became a worshipper of Ashenzari the Shackled
  1713 | D:3      | Reached skill level 5 in Dodging
  1895 | D:3      | Found an ornate altar of the Wu Jian Council.
  2204 | D:4      | Noticed Eustachio
  2330 | D:4      | Reached * piety under Ashenzari
  2341 | D:4      | Noticed an ogre
  2342 | D:4      | Found Itauxyowou's Antique Weapon Boutique.
  2348 | D:4      | Killed an ogre
  2348 | D:4      | Reached XP level 6. HP: 41/47 MP: 6/8
  2980 | D:4      | Reached XP level 7. HP: 49/53 MP: 9/9
  3644 | D:4      | Killed Eustachio
  3906 | D:5      | Entered Level 5 of the Dungeon
  3959 | D:5      | Slain by an ogre

Skill      XL: |  1  2  3  4  5  6  7 |
---------------+----------------------+-----
Fighting       | 3 4 |  4.2
Polearms       | 5 6 |  6.5
Armour         | 1 2 |  2.2
Shields        | 1 2 |  2.8
Spellcasting   | 1 |  1.8
Dodging        | 5 6 |  6.0
Throwing       | |  2.0

Action                   |  1- 3 |  4- 6 |  7- 9 || total
-------------------------+-------+-------+-------++-------
Melee: Trident           |   131 |   227 |    89 ||   447
Throw: Throwing net      |       |     1 |       ||     1
Invok: Curse Item        |       |     2 |       ||     2
  Use: Scroll            |       |     7 |       ||     7
       Potion            |       |     1 |     3 ||     4
 Stab: Distracted        |     1 |       |       ||     1
       Sleeping          |     2 |     1 |       ||     3
       Held in net/web   |       |     2 |       ||     2
  Eat: Chunk             |       |     7 |     3 ||    10
Armor: Leather armour    |    23 |    58 |    26 ||   107
Dodge: Dodged            |    66 |   134 |    77 ||   277
Block: Shield            |    25 |    97 |    46 ||   168
